 Dungeon Crawl Stone Soup version 0.24.0-28-g17ded55e90 (webtiles) character file.

Game seed: 2695380580944247482, levelgen mode: deterministic

30 Curus the Chopper (level 3, 0/30 HPs)
             Began as a Minotaur Gladiator on Nov 11, 2019.
             Slain by a gnoll
             ... wielding a +0 whip
              (3 damage)
             ... on level 2 of the Dungeon.
             The game lasted 00:04:21 (822 turns).

Curus the Chopper (Minotaur Gladiator)               Turns: 822, Time: 00:04:22

Health: 0/30       AC: 10    Str: 16 (18) XL:     3   Next: 5%
Magic:  2/2        EV:  7    Int:  5 (6)  God:
Gold:   28         SH:  0    Dex:  7 (11) Spells: 2/2 levels left

rFire    . . .     SeeInvis .   a - +0 war axe
rCold    . . .     Gourm    .   (no shield)
rNeg     . . .     Faith    .   e - +0 chain mail
rPois    .         Spirit   .   (helmet unavailable)
rElec    .         Reflect  .   (no cloak)
rCorr    .         Harm     .   (no gloves)
MR       .....                  (no boots)
Stlth    ..........             (no amulet)
HPRegen  0.10/turn              (no ring)
MPRegen  0.08/turn              (no ring)

@: no status effects
A: retaliatory headbutt, horns 3, icy blue scales 1, deterioration 1
a: no special abilities


You were on level 2 of the Dungeon.
You were not hungry.

You visited 1 branch of the dungeon, and saw 2 of its levels.

You collected 28 gold pieces.

Inventory:

Hand Weapons
 a - a +0 war axe (weapon)
Missiles
 d - 3 throwing nets (quivered)
Armour
 b - a +0 leather armour
 c - a +0 hat
 e - a +0 chain mail (worn)
Potions
 g - a potion of curing
Comestibles
 f - 3 rations


   Skills:
 - Level 2.4 Fighting
 + Level 5.1 Axes
 - Level 2.0 Throwing
 - Level 3.2 Dodging


You had 2 spell levels left.
You didn't know any spells.
Your spell library was empty.

Dungeon Overview and Level Annotations

Branches:
Dungeon (2/15)

Altars:

Annotations:
D:2 Terence


Innate Abilities, Weirdness & Mutations

You reflexively headbutt those who attack you in melee.
You have a pair of large horns on your head.
You are partially covered in icy blue scales. (AC +2)
Your body sometimes deteriorates upon taking damage.


Message History

You feel clever. The gnoll barely misses you.
You barely miss the gnoll.
The gnoll is severely wounded.
The gnoll hits you with a +0 whip. The gnoll barely misses you.
The gnoll hits you but does no damage.
The gnoll hits you from afar with a cursed -3 halberd!
Your body deteriorates!
You feel clumsy.
You hit the gnoll but do no damage.
The gnoll is severely wounded.
The gnoll hits you from afar with a +0 halberd!
* * * LOW HITPOINT WARNING * * *
Your body deteriorates!
You feel weakened. The gnoll hits you with a +0 whip.
* * * LOW HITPOINT WARNING * * *
The gnoll barely misses you.
You see here 20 stones.
There is a stone staircase leading up here.
The gnoll hits you with a +0 whip.
You die...

#. #.#. #########
#####.#.## #..@....#
......#..# ##..g....#
#........# #........#
##........# #g.......#
........).###.########
..........g.K.#
..........l####
........†..##
............#


You could see 2 gnolls and a kobold.

Vanquished Creatures
  A gnoll (D:2)
  A dart slug (D:1)
  A worm (D:1)
  A leopard gecko (D:1)
  2 bats
  A giant cockroach (D:1)
  A hobgoblin (D:1)
  3 frilled lizards (D:1)
  4 kobolds
  2 rats
17 creatures vanquished.

Notes
Turn   | Place    | Note
-------+----------+-------------------------------------------
     0 | D:1      | Curus the Minotaur Gladiator began the quest for the Orb.
     0 | D:1      | Reached XP level 1. HP: 18/18 MP: 0/0
    16 | D:1      | Reached skill level 4 in Axes
   229 | D:1      | Reached XP level 2. HP: 25/25 MP: 1/1
   345 | D:1      | Gained mutation: You have a pair of large horns on your
                  | head. [potion of mutation]
   345 | D:1      | Gained mutation: Your body sometimes deteriorates upon
                  | taking damage. [potion of mutation]
   345 | D:1      | Gained mutation: You are partially covered in icy blue
                  | scales. (AC +2) [potion of mutation]
   552 | D:2      | Noticed Terence
   814 | D:2      | Reached skill level 5 in Axes
   814 | D:2      | Reached XP level 3. HP: 22/30 MP: 2/2
   822 | D:2      | Slain by a gnoll

Levels and vault maps discovered:
D:1:      dpeg_arrival_tiny_a, layout_loops_ring
D:2:      layout_rooms, first_ration, uniq_terence

Skill      XL: |  1  2 |
---------------+-------+-----
Axes           | 4 5 |  5.1
Fighting       | |  2.4
Throwing       | |  2.0
Dodging        | |  3.2

Action                   || total
-------------------------++-------
Melee: War axe           ||    30
       Headbutt          ||     3
  Use: Potion            ||     7
       Scroll            ||     1
Armor: Leather armour    ||     4
       Chain mail        ||    35
Dodge: Dodged            ||    19
